 Dungeon Crawl Stone Soup version 0.23-a0-414-g0aa8dd0f38 (webtiles) character file.

30 Naru the Chucker (level 3, 0/35 HPs)
             Began as a Troll Hunter on Nov 9, 2018.
             Slain by a hobgoblin (2 damage)
             ... led by Robin
             ... on level 1 of the Dungeon.
             The game lasted 00:02:11 (757 turns).

Naru the Chucker (Troll Hunter)                      Turns: 757, Time: 00:02:11

Health: 0/35       AC:  5    Str: 20    XL:     3   Next: 5%
Magic:  2/2        EV: 10    Int:  7    God:
Gold:   69         SH:  0    Dex: 11    Spells: 2/2 levels left

rFire    . . .     SeeInvis .   a - +0 short sword
rCold    . . .     Gourm    +   (no shield)
rNeg     . . .     Faith    .   b - +0 robe
rPois    .         Spirit   .   (helmet restricted)
rElec    .         Reflect  .   (no cloak)
rCorr    .         Harm     .   (gloves unavailable)
MR       .....                  (boots unavailable)
Stlth    +.........             (no amulet)
HPRegen  0.51/turn              (no ring)
MPRegen  0.08/turn              (no ring)

@: no status effects
A: large, unfitting armour, claws 3, fast metabolism 3, gourmand, regeneration
1, shaggy fur 1, tough skin 2
a: no special abilities


You were on level 1 of the Dungeon.
You were not hungry.

You visited 1 branch of the dungeon, and saw 2 of its levels.

You collected 69 gold pieces.

Inventory:

Hand Weapons
 a - a +0 short sword (weapon)
Missiles
 d - 2 throwing nets (quivered)
 e - 35 stones
 l - 9 poisoned needles
Armour
 b - a +0 robe (worn)
Jewellery
 g - an uncursed amulet of regeneration {unknown}
 m - a +3 ring of evasion {unknown}
Scrolls
 h - a scroll of enchant armour {unknown}
 i - 2 scrolls of identify {unknown}
 n - 2 scrolls of remove curse {unknown}
 p - 2 scrolls of teleportation {unknown}
Potions
 j - a potion of experience {unknown}
 k - a potion of curing {unknown}
 o - a potion of magic {unknown}
Comestibles
 f - 6 rations


   Skills:
 * Level 1.6 Fighting
 * Level 4.4 Throwing
 + Level 1.6 Dodging
 - Level 0.3 Stealth


You had 2 spell levels left.
You didn't know any spells.
Your spell library was empty.

Dungeon Overview and Level Annotations

Branches:
Dungeon (2/15)

Altars:

Annotations:
D:2 Robin


Innate Abilities, Weirdness & Mutations

You are too large for most types of armour.
You have claws for hands.
Your metabolism is lightning-fast.
You like to eat raw meat.
Your natural rate of healing is unusually fast.
You are covered in fur. (AC +1)
You have very tough skin. (AC +2)


Message History

The hobgoblin hits you.
* * * LOW HITPOINT WARNING * * *
The rat bites you but does no damage.
You hit the hobgoblin but do no damage.
The hobgoblin is severely wounded.
The hobgoblin closely misses you. The rat closely misses you.
You closely miss the hobgoblin.
The hobgoblin is severely wounded.
The hobgoblin closely misses you. The rat barely misses you.
You barely miss the hobgoblin.
The hobgoblin is severely wounded.
The hobgoblin barely misses you. The rat misses you.
You hit the hobgoblin but do no damage.
The hobgoblin is severely wounded.
The hobgoblin misses you. The rat closely misses you. The hobgoblin hits you.
* * * LOW HITPOINT WARNING * * *
You barely miss the hobgoblin.
The hobgoblin is severely wounded.
The rat bites you but does no damage. The hobgoblin hits you.
You die...

#†## #.#
##.#####.###.#
#..# #.# #..##
#.# #.# ##.#
#.# ##.#.###.#
#.# #.# #.#
##.###....###.#
#.# #.# #.##
##...>.).# #.#
#.#
##.###..#######
#.#
#.#######.#.#.#
#.#
#........r)##.#
#.#
##########@##.#
#.# #g##.## #.#
#.....# #.#
####..# # #.#
#..# ## ##.###
#..# #. .....#
#..# ## .###.#
#..# # .# #.#
####..# #


You could see a hobgoblin and a rat.

Vanquished Creatures
  A dart slug (D:2)
  2 bats (D:1)
  A giant cockroach (D:1)
  4 goblins
  6 hobgoblins
  A jackal (D:2)
  5 kobolds (D:1)
  A ball python (D:1)
  5 frilled lizards
26 creatures vanquished.

Notes
Turn   | Place    | Note
-------+----------+-------------------------------------------
     0 | D:1      | Naru the Troll Hunter began the quest for the Orb.
     0 | D:1      | Reached XP level 1. HP: 19/19 MP: 0/0
   198 | D:1      | Reached skill level 4 in Throwing
   198 | D:1      | Reached XP level 2. HP: 27/27 MP: 1/1
   706 | D:2      | Noticed Robin
   714 | D:2      | Reached XP level 3. HP: 14/35 MP: 2/2
   757 | D:1      | Slain by a hobgoblin

Vault maps used:
D:1:      dpeg_arrival_pits, chequers_avenue
D:2:      chequers_ecumenical_altar_simple_redux, minmay_crystal_water,
          uniq_robin

Skill      XL: |  1 |
---------------+----+-----
Throwing       | 4 |  4.4
Fighting       | |  1.6
Dodging        | |  1.6
Stealth        | |  0.3

Action                   || total
-------------------------++-------
Melee: Short sword       ||    38
Throw: Large rock        ||    37
       Throwing net      ||     1
  Eat: Chunk             ||     5
Armor: Robe              ||    28
Dodge: Dodged            ||    43

Table legend:
 A = Non-vault XP
 B = Vault XP
 C = Vault XP percentage of total XP
 D = Non-vault monster count
 E = Vault monster count
 F = Vault count percentage of total count
                 A         B        C        D         E       F
            +---------+---------+-------+---------+---------+-------
      Total |      36 |       8 |  18.2 |      22 |       4 |  15.4
            +---------+---------+-------+---------+---------+-------
        D:1 |      29 |       0 |   0.0 |      19 |       0 |   0.0
        D:2 |       7 |       8 |  53.3 |       3 |       4 |  57.1
            +---------+---------+-------+---------+---------+-------
